 Dungeon Crawl Stone Soup version 0.26-a0-667-g92642533e4 (webtiles) character file.

Game seed: 17904972613426124833

90 jiml777 the Digger (level 4, -4/24 HPs)
             Began as a Gargoyle Earth Elementalist on Oct 17, 2020.
             Splashed by Ijyb's acid (15 damage)
             ... on level 3 of the Dungeon.
             The game lasted 00:09:40 (2295 turns).

jiml777 the Digger (Gargoyle Earth Elementalist)    Turns: 2295, Time: 00:09:40

Health: -4/24      AC:  5    Str: 11    XL:     4   Next: 56%
Magic:  7/7        EV: 12    Int: 17    God:
Gold:   149        SH:  5    Dex: 10    Spells: 7/8 levels left

rFire    . . .     SeeInvis .   d - +0 dagger
rCold    . . .     Faith    .   (no shield)
rNeg     + . .     Spirit   .   c - +0 robe
rPois    ∞         Reflect  +   (no helmet)
rElec    +         Harm     .   (no cloak)
rCorr    .         Rampage  .   (no gloves)
MR       .....                  (no boots)
Stlth    ++........             i - amulet of reflection
HPRegen  0.08/turn              h - +4 ring of protection
MPRegen  0.10/turn              (no ring)

@: corroded
A: negative energy resistance 1, electricity resistance, unbreathing,
petrification resistance, rot immunity, AC +3
a: no special abilities


You were on level 3 of the Dungeon.
You visited 1 branch of the dungeon, and saw 3 of its levels.

You collected 149 gold pieces.

Inventory:

Hand Weapons
 d - a +0 dagger (weapon)
Missiles
 b - 132 stones (quivered)
 f - 49 bolts
 g - 14 poisoned darts
 p - 33 arrows
Armour
 c - a +0 robe (worn)
Jewellery
 h - a +4 ring of protection (left hand)
 i - an amulet of reflection (around neck)
Scrolls
 a - 3 scrolls of enchant armour {unknown}
 e - 2 scrolls of remove curse {unknown}
 j - a scroll of amnesia {unknown}
 l - 5 scrolls of identify {unknown}
 m - a scroll of fear {unknown}
 o - a scroll of enchant weapon {unknown}
Potions
 k - 3 potions of curing {unknown}
 n - 2 potions of ambrosia {unknown}


   Skills:
 + Level 0.2 Fighting
 + Level 0.5 Short Blades
 + Level 1.8 Dodging
 + Level 3.4 Stealth
 + Level 2.5 Spellcasting
   Level 0.7 Transmutations
 + Level 4.7 Earth Magic


You had 7 spell levels left.
You knew the following spells:

 Your Spells              Type           Power        Failure   Level
a - Sandblast             Erth           ###...       2%          1

Your spell library contained the following spells:

 Spells                   Type           Power        Failure   Level
 Passwall                 Tmut/Erth      ##......     9%          2
 Stone Arrow              Conj/Erth      ##....       21%         3
 Petrify                  Tmut/Erth      ##......     52%         4
 Lee's Rapid Deconstruct  Erth           ###.......   56%         5


Dungeon Overview and Level Annotations

Branches:
Dungeon (3/15)

Altars:
Trog

Annotations:
D:3 Ijyb


Innate Abilities, Weirdness & Mutations

You are resistant to torment.
Your stone body is resilient. (AC +3)
You are immune to poison.
You resist negative energy. (rN+)
You are resistant to electric shocks. (rElec)
You can survive without breathing.
You are immune to petrification.
You are immune to rotting.


Message History

The hobgoblin is severely wounded.
You barely miss the hobgoblin.
The hobgoblin is severely wounded.
The hobgoblin hits you but does no damage.
You hit the hobgoblin.
You kill the hobgoblin!
Things that are here:
a +0 club; a hobgoblin corpse
k - 3 inky potions (gained 2) Ijyb the Twisted Goblin comes into view.
She is wearing a +3 leather armour of cold resistance and carrying a wand of acid (10).
Found a flail.
Ijyb shouts!
A leopard gecko comes into view.
You see here 13 gold pieces.
You now have 149 gold pieces (gained 13).
Ijyb zaps a wand.
The bolt of acid hits you!
Ouch! That really hurt!
The acid corrodes you!
You are splashed with acid!
Ouch! That really hurt!
You die...

... .... #... .l..
.. #... .g.. ...
#... ...
..####..####.#
.........##...#
...#.........#
..#..^....@.#
.[#.........#
#.###....#### #.
##.##.# # #.##..##.#
### ##.##.)...##.#
..#
.........#.##.######
..
.........#.........#
#.
.........##........#
#.#


You could see Ijyb and a leopard gecko (wandering).

Vanquished Creatures
  2 adders (D:2)
  An ooze (D:2)
  A worm (D:2)
  A dart slug (D:2)
  2 leopard geckos (D:1)
  An orc (D:3)
  2 ball pythons (D:2)
  4 giant cockroaches
  7 goblins
  7 hobgoblins
  5 jackals (D:1)
  A quokka (D:2)
  4 bats
  3 frilled lizards
  9 kobolds
  5 rats
55 creatures vanquished.

Notes
Turn   | Place    | Note
-------+----------+-------------------------------------------
     0 | D:1      | jiml777 the Gargoyle Earth Elementalist began the quest for
                  | the Orb.
     0 | D:1      | Reached XP level 1. HP: 10/10 MP: 3/3
    82 | D:1      | Reached XP level 2. HP: 9/15 MP: 0/5
    94 | D:1      | Reached skill level 4 in Earth Magic
   519 | D:1      | Reached XP level 3. HP: 19/19 MP: 1/6
  1344 | D:2      | Reached XP level 4. HP: 20/24 MP: 2/7
  1927 | D:2      | Found a bloodstained altar of Trog.
  2293 | D:3      | Noticed Ijyb
  2295 | D:3      | Splashed by Ijyb's acid

Illustrated notes

Levels and vault maps discovered:
D:1:      lightli_arrival_statuegarden, layout_loops_ring, st_stairs_5
D:2:      layout_loops_ring, lemuel_crystal_altar, hangedman_decor_growths
D:3:      layout_rooms, uniq_ijyb

Skill      XL: |  1  2  3 |
---------------+----------+-----
Earth Magic    | 4 |  4.7
Stealth        | 3 |  3.4
Fighting       | |  0.2
Short Blades   | |  0.5
Dodging        | |  1.8
Spellcasting   | |  2.5
Transmutations | |  0.7

Action                   |  1- 3 |  4- 6 || total
-------------------------+-------+-------++-------
Melee: Dagger            |    38 |    83 ||   121
 Cast: Sandblast         |    37 |     6 ||    43
 Stab: Sleeping          |     1 |     3 ||     4
Armor: Robe              |    17 |    15 ||    32
Dodge: Dodged            |    43 |    41 ||    84
Block: Other             |     2 |    11 ||    13
       Reflection        |       |     1 ||     1

Table legend: (Time is in decaauts)
 A = Elapsed time spent in this place.
 B = Non-inter-level travel time spent in this place.
 C = Inter-level travel time spent in this place.
 D = Time resting spent in this place.
 E = Time spent auto-exploring this place.
 F = Levels seen in this place.
 G = Mean time per level.
                   A        B        C        D        E       F      G
               +--------+--------+--------+--------+--------+-----+--------+
         Total |   2291 |   2223 |     68 |    654 |   1006 |   3 |  763.7 |
       Dungeon |   2291 |   2223 |     68 |    654 |   1006 |   3 |  763.7 |
               +--------+--------+--------+--------+--------+-----+--------+

Top non-repeatable levels by time:
     D:1: 1255 daAuts
     D:2: 976 daAuts
     D:3: 58 daAuts
